 Dungeon Crawl Stone Soup version 0.28-a0-1506-g3893175d92 (webtiles) character file.

Game seed: 16842590344955856499

145054 oldriver the Nimble (level 17, -2/135 HPs)
             Began as a Gnoll Gladiator on Jan 14, 2022.
             Was an Initiate of Gozag.
             Slain by a spark wasp (3 damage)
             ... on level 1 of the Spider Nest.
             The game lasted 01:43:01 (60582 turns).

oldriver the Nimble (Gnoll Gladiator)              Turns: 60582, Time: 01:43:12

Health: -2/135     AC: 16    Str: 20    XL:     17   Next: 41%
Magic:  32/32      EV:  9    Int:  8    God:    Gozag
Gold:   752        SH:  0    Dex: 18    Spells: 39/39 levels left

rFire   + + .      SeeInvis .   H - +9 demon trident
rCold   + . .      Faith    .   q - +0 tower shield
rNeg    + + +      Spirit   .   k - +1 plate armour {rF+}
rPois   +          Reflect  +   u - -2 hat of the Alchemist {rElec rPois rF+ rC+ rN+ Will+ rMut rCorr}
rElec   +          Harm     .   i - +2 cloak {Stlth+}
rCorr   +          Rampage  .   P - +0 pair of fencer's gloves {Riposte Dex+3}
rMut    +                       X - +0 pair of boots {Fly}
Will    +++..                   M - amulet of reflection
Stlth   ++........              m - +4 ring of evasion
HPRegen 0.32/turn               W - ring of Asceticism {rPois rN++ Will+}
MPRegen 0.23/turn

@: mighty, brilliant, about to teleport, corroded, flying, held, studying
Shields
A: fangs 1, strong nose, distributed training
a: Renounce Religion, Potion Petition, Call Merchant, Bribe Branch


You were on level 1 of the Spider Nest.
You worshipped Gozag.
Gozag was pleased with you.
You visited 8 branches of the dungeon, and saw 30 of its levels.
You also visited: Sewer, Bailey and Gauntlet.

You collected 9544 gold pieces.
You spent 4798 gold pieces at shops.
You paid 3994 gold pieces to Gozag.

Inventory:

Hand Weapons
 y - the +10 dagger of the Many Leylines {holy, *Slow rC+++ SInv Stlth-}
   (You found it on level 3 of the Dungeon)

   It has been blessed by the Shining One to cause great damage to the undead
   and demons.
   rC:        It renders you almost immune to cold.
   SInv:      It lets you see invisible.
   *Slow:     It may slow you when you take damage.
   Stlth:     It makes you less stealthy.
 E - the +6 rapier "Vintub" {elec, rCorr Int+2}
   (You bought it in a shop on level 7 of the Dungeon)

   It occasionally discharges a powerful burst of electricity upon striking a
   foe.
   Int:       It affects your intelligence (+2).
   rCorr:     It protects you from acid and corrosion.
 H - a +9 demon trident (weapon)
Missiles
 d - 6 throwing nets
 n - 18 poisoned darts
 N - 4 silver javelins
 U - 12 curare-tipped darts
 V - 12 atropa-tipped darts
 Z - 6 javelins (quivered)
Armour
 i - a +2 cloak of stealth (worn)
 k - a +1 plate armour of fire resistance (worn)
 q - a +0 tower shield (worn)
 u - the -2 hat of the Alchemist (worn) {rElec rPois rF+ rC+ rN+ Will+ rMut rCorr}
   (You bought it in a shop on level 1 of the Elven Halls)

   rF:        It protects you from fire.
   rC:        It protects you from cold.
   rElec:     It insulates you from electricity.
   rPois:     It protects you from poison.
   rN:        It protects you from negative energy.
   rCorr:     It protects you from acid and corrosion.
   rMut:      It protects you from mutation.
   Will:      It increases your willpower.
 P - the +0 pair of fencer's gloves (worn) {Riposte Dex+3}
   (You bought it in a shop on level 2 of the Orcish Mines)

   It allows the wearer to riposte with melee weapons, swiftly retaliating
   against missed attacks.
   Dex:       It affects your dexterity (+3).
 Q - a +2 pair of boots of rampaging
 X - a +0 pair of boots of flying (worn)
Jewellery
 m - a +4 ring of evasion (left hand)
 A - a ring of protection from fire
 M - an amulet of reflection (around neck)
 W - the ring of Asceticism (right hand) {rPois rN++ Will+}
   (You bought it in a shop on level 2 of the Orcish Mines)

   [ring of willpower]

   rPois:     It protects you from poison.
   rN:        It greatly protects you from negative energy.
   Will:      It increases your willpower.
Wands
 s - a wand of digging (6)
 t - a wand of flame (33)
 x - a wand of charming (1)
 C - a wand of acid (9)
 F - a wand of mindburst (4)
 J - a wand of paralysis (27)
 Y - a wand of polymorph (1)
Scrolls
 a - 6 scrolls of fog
 c - 9 scrolls of identify
 e - 2 scrolls of silence
 f - 2 scrolls of fear
 z - 3 scrolls of holy word
 G - 4 scrolls of blinking
 I - 3 scrolls of teleportation
 L - a scroll of enchant armour
 T - a scroll of summoning
Potions
 g - 2 potions of heal wounds
 j - 7 potions of mutation
 o - a potion of invisibility
 p - 6 potions of cancellation
 r - a potion of flight
 v - a potion of berserk rage
 B - 4 potions of lignification
 D - 2 potions of resistance
 R - 5 potions of curing
Miscellaneous
 b - a lightning rod (4/4)
 S - a phial of floods


   Skills:
 + Level 12.5 Fighting
 + Level 11.6 Short Blades
 + Level 13.2 Long Blades
 + Level 11.6 Axes
 + Level 11.6 Maces & Flails
 + Level 11.6 Polearms
 + Level 11.6 Staves
 + Level 11.6 Slings
 + Level 11.6 Bows
 + Level 11.6 Crossbows
 + Level 12.5 Throwing
 + Level 11.6 Armour
 + Level 13.2 Dodging
 + Level 11.6 Stealth
 + Level 12.5 Shields
 + Level 11.6 Unarmed Combat
 + Level 11.6 Spellcasting
 + Level 9.8 Conjurations
 + Level 9.8 Hexes
 + Level 9.8 Summonings
 + Level 9.8 Necromancy
 + Level 9.8 Translocations
 + Level 9.8 Transmutations
 + Level 9.8 Fire Magic
 + Level 9.8 Ice Magic
 + Level 9.8 Air Magic
 + Level 9.8 Earth Magic
 + Level 9.8 Poison Magic
 + Level 12.6 Invocations
 + Level 11.6 Evocations


You had 39 spell levels left.
You didn't know any spells.
Your spell library contained the following spells:

 Spells                   Type           Power      Damage    Failure   Level
 Apportation              Tloc           60%        N/A       17%         1
 Beastly Appendage        Tmut           60%        N/A       17%         1
 Pain                     Necr           100%       1d9       17%         1
 Blink                    Tloc           60%        N/A       26%         2
 Sublimation of Blood     Necr           30%        N/A       26%         2
 Wereblood                Tmut           30%        N/A       26%         2
 Call Canine Familiar     Summ           30%        N/A       45%         3
 Dazzling Flash           Conj/Hex       60%        N/A       45%         3
 Gell's Gravitas          Tloc           30%        N/A       45%         3
 Inner Flame              Hex/Fire       30%        N/A       45%         3
 Lesser Beckoning         Tloc           30%        N/A       45%         3
 Mephitic Cloud           Conj/Pois/Air  30%        N/A       45%         3
 Portal Projectile        Hex/Tloc       60%        N/A       45%         3
 Spider Form              Tmut/Pois      30%        N/A       45%         3
 Teleport Other           Tloc           30%        N/A       45%         3
 Fulminant Prism          Conj/Hex       15%        3d11      86%         4
 Iskenderun's Mystic Bla  Conj/Tloc      30%        2d8       86%         4
 Leda's Liquefaction      Hex/Erth       15%        N/A       86%         4
 Summon Ice Beast         Ice/Summ       30%        N/A       86%         4
 Agony                    Necr           30%        N/A       99%         5
 Alistair's Intoxication  Tmut/Pois      20%        N/A       99%         5
 Blade Hands              Tmut           15%        N/A       99%         5
 Excruciating Wounds      Necr           15%        N/A       99%         5
 Lee's Rapid Deconstruct  Erth           15%        3d11*     99%         5
 Manifold Assault         Tloc           30%        N/A       99%         5
 Summon Mana Viper        Hex/Summ       30%        N/A       99%         5
 Starburst                Conj/Fire      15%        6d6       100%        6
 Monstrous Menagerie      Summ           15%        N/A       100%        7
 Summon Hydra             Summ           15%        N/A       100%        7
 Ignition                 Fire           15%        3d6       100%        8


Dungeon Overview and Level Annotations

Branches:
Dungeon (15/15)            Temple (1/1) D:4            Lair (6/6) D:10
  Swamp (3/4) Lair:4       Spider (1/4) Lair:2        Slime (0/5) Lair:6
    Orc (2/2) D:9             Elf (1/3) Orc:2        Vaults (0/5) D:13
 Depths (1/4) D:15          Sewer (visited)          Bailey (visited)
Gauntlet (visited)

Altars:
Ashenzari
Cheibriados
Dithmenos
Elyvilon
Fedhas
Gozag
Hepliaklqana
Kikubaaqudgha
Makhleb
Nemelex Xobeh
Okawaru
Qazlal
Ru
Sif Muna
Trog
Uskayaw
Vehumet
Wu Jian
Xom
Yredelemnul
Zin
The Shining One
Beogh
Jiyva

Shops:
D:1 :   D:2 (   D:6 ?   D:7 (   D:9 [   D:11 *   Orc:2 *!=([   Elf:1 [

Portals:
Bazaar: D:13

Annotations:
D:10 3 runed translucent doors, riojii's ghost, journeyman MiFi
Swamp:1 2 transporters


Innate Abilities, Weirdness & Mutations

You have very sharp teeth.
Your uncanny sense of smell can sniff out nearby items.
Your experience applies equally to all skills.


Message History

The spark wasp closely misses you.
You block the demonic crawler's attack. x2; The demonic crawler hits you!
The spark wasp stings you! The spark wasp shocks you. You resist.
You block the demonic crawler's attack.
The demonic crawler hits you but does no damage.
You block the demonic crawler's attack.
The demonic crawler shrieks in warning!
The jumping spider leaps!
You block the spark wasp's attack.
You hear a shout!
You hear an angry hiss. x3
As you read the scroll of teleportation, it crumbles to dust.
You feel strangely unstable.
The demonic crawler shrieks in warning!
The jumping spider pounces on you.
You are caught in a web!
The jumping spider bites you but does no damage.
The jumping spider leaps!
The spark wasp stings you!! The spark wasp shocks you. You resist.
The demonic crawler hits you.
The demonic crawler hits you but does no damage.
The demonic crawler hits you.
* * * LOW HITPOINT WARNING * * *
You hear an angry hiss. x3
Okay, then. [a] - 336 gold - haste and brilliance [b] - 184 gold - might and brilliance [c] - 200 gold - resistance Purchase which effect?
You feel very mighty all of a sudden.
You feel clever all of a sudden.
The jumping spider leaps! x2
The demonic crawler shrieks in warning!
A tarantella comes into view.
The spark wasp stings you!!
* * * LOW HITPOINT WARNING * * *
The spark wasp shocks you. You resist.
* * * LOW HITPOINT WARNING * * *
The demonic crawler barely misses you. The demonic crawler hits you.
* * * LOW HITPOINT WARNING * * *
The demonic crawler hits you!
* * * LOW HITPOINT WARNING * * *
The spark wasp stings you.
You die...
Your body crumbles into a pile of gold.

##..###.# #...#...#
#..##..## #..##...# ∆
##....#.# .###
#####..^### #....
###.^^##..#
.#[..^######○○......##
...s.s.^°[ss@.##...##
##########.ys####..#
##..##...######
#....###..#
#..#..#..##
##..#^.#..#
#..###...## #..# ##.##
...## ###


You could see a spark wasp, 2 demonic crawlers, a jumping spider and a
tarantella.

Vanquished Creatures
  Frances (Swamp:1)
  2 thorn hunters
  Gastronok (Lair:3)
  Kirke (Swamp:2)
  A stone giant (Orc:2)
  Azrael (Orc:2)
  2 entropy weavers
  A minotaur (Gauntlet)
  2 bunyips
  2 fire dragons
  3 ettins
  2 boulder beetles
  Erolcha (D:13)
  8 vault guards
  18 hydras
  2 rakshasas
  2 catoblepae
  An ogre mage (D:15)
  4 centaur warriors
  9 two-headed ogres
  6 alligators
  A tengu warrior (D:14)
  Urug (D:10)
  18 death yaks
  A deep elf knight (Elf:1)
  Sonja (Lair:2)
  A pharaoh ant (Lair:2)
  3 bog bodies
  A glowing orange brain (Depths:1)
  8 goliath frogs
  A spriggan druid (Swamp:3)
  An orb spider (Spider:1)
  2 lindwurms (Lair:6)
  3 swamp dragons
  A wizard (D:15)
  A necromancer (D:15)
  3 deep elf zephyrmancers (Elf:1)
  An oklob plant (Orc:2)
  6 deep elf pyromancers
  A manticore (D:12)
  4 will-o-the-wisps
  2 orc sorcerers
  6 ugly things (D:14)
  5 wolf spiders
  14 cyclopes
  6 black mambas
  3 elephants
  Joseph (D:8)
  A moth of wrath (Spider:1)
  Maurice (D:13)
  A guardian serpent (shapeshifter) (D:15)
  7 torpor snails
  3 gargoyles
  12 cane toads
  An orange demon (Gauntlet)
  2 rime drakes
  A tengu conjurer (D:14)
  8 komodo dragons
  3 kobold demonologists
  5 polar bears
  3 trolls
  9 tyrant leeches
  20 hornets
  7 blink frogs
  4 tarantellas (Spider:1)
  12 slime creatures
  7 dream sheep
  9 jumping spiders
  7 spriggans
  2 wraiths
  36 yaks
  A shadow (D:10)
  5 wyverns
  4 culicivoras
  4 hogs
  3 fire elementals
  11 vampire mosquitoes
  Grum (D:11)
  3 basilisks
  3 steam dragons
  19 redbacks
  11 swamp worms
  4 hell hounds
  2 acid dragons
  19 water moccasins
  A swamp drake (Swamp:3)
  14 orc warriors
  5 black bears
  2 ice beasts
  2 necrophages (D:7)
  2 ogres
  44 wolves
  9 centaurs
  A kobold brigand (D:8)
  14 bullfrogs
  2 wyvern zombies (D:6)
  A gnoll sergeant (D:12)
  3 scorpions
  16 wights
  An electric eel (Lair:6)
  8 howler monkeys
  3 jellies
  3 centaur zombies
  19 orc priests
  10 hounds
  5 centaur skeletons
  3 iguanas
  Crazy Yiuf (D:6)
  Jessica (D:2)
  Ijyb (D:4)
  25 orc wizards
  A killer bee zombie (D:8)
  A hound skeleton (D:5)
  A howler monkey zombie (D:8)
  12 adders
  13 gnolls
  5 river rats (Sewer)
  2 white imps
  2 ufetubi
  2 worms
  2 dart slugs
  82 orcs
  4 endoplasms
  2 giant cockroaches
  10 goblins
  8 hobgoblins
  9 jackals
  2 quokkas
  8 ball pythons
  6 bats
  13 frilled lizards
  35 kobolds
  35 rats
868 creatures vanquished.

Vanquished Creatures (collateral kills)
  2 yaks (Lair:2)
  A water moccasin (Lair:2)
  A wight (D:6)
4 creatures vanquished.

Vanquished Creatures (others)
  A green death (Gauntlet)
  A dancing weapon (Elf:1)
  2 wizards (D:15)
  A deep elf pyromancer (Elf:1)
  A bloated husk (Swamp:3)
  A hornet (Swamp:1)
  3 spriggans (Swamp:1)
  An orc wizard (D:9)
  A kobold (D:9)
  2 bushes
  12 demonic plants (Gauntlet)
  20 foxfires
  107 fungi
  111 plants
264 creatures vanquished.

Grand Total: 1136 creatures vanquished

Notes
Turn   | Place    | Note
-------+----------+-------------------------------------------
     0 | D:1      | oldriver the Gnoll Gladiator began the quest for the Orb.
     0 | D:1      | Reached XP level 1. HP: 20/20 MP: 1/1
     1 | D:1      | Found a runed translucent door.
     6 | D:1      | Noticed a jelly
    69 | D:1      | Reached XP level 2. HP: 21/26 MP: 2/2
   455 | D:1      | Found Yxzyled's Book Shop.
   512 | D:1      | Reached XP level 3. HP: 31/31 MP: 3/3
   691 | D:1      | Found a faded altar of an unknown god.
   795 | D:2      | Reached skill level 1 in Invocations
   831 | D:2      | Noticed Jessica
   837 | D:2      | Killed Jessica
   838 | D:2      | Reached skill level 1 in Short Blades
   838 | D:2      | Reached skill level 1 in Axes
   838 | D:2      | Reached skill level 1 in Maces & Flails
   838 | D:2      | Reached skill level 1 in Polearms
   838 | D:2      | Reached skill level 1 in Staves
   838 | D:2      | Reached skill level 1 in Slings
   838 | D:2      | Reached skill level 1 in Bows
   838 | D:2      | Reached skill level 1 in Crossbows
   838 | D:2      | Reached skill level 1 in Armour
   838 | D:2      | Reached skill level 1 in Stealth
   838 | D:2      | Reached skill level 1 in Shields
   838 | D:2      | Reached skill level 1 in Unarmed Combat
   838 | D:2      | Reached skill level 1 in Spellcasting
   838 | D:2      | Reached skill level 1 in Evocations
   838 | D:2      | Reached XP level 4. HP: 36/38 MP: 5/5
   882 | D:2      | Reached skill level 1 in Conjurations
   882 | D:2      | Reached skill level 1 in Hexes
   882 | D:2      | Reached skill level 1 in Summonings
   882 | D:2      | Reached skill level 1 in Necromancy
   882 | D:2      | Reached skill level 1 in Translocations
   882 | D:2      | Reached skill level 1 in Transmutations
   882 | D:2      | Reached skill level 1 in Fire Magic
   882 | D:2      | Reached skill level 1 in Ice Magic
   882 | D:2      | Reached skill level 1 in Air Magic
   882 | D:2      | Reached skill level 1 in Earth Magic
   882 | D:2      | Reached skill level 1 in Poison Magic
   885 | D:2      | Found Bikuaxt's Antique Weapon Shoppe.
  1170 | D:2      | Reached XP level 5. HP: 43/43 MP: 6/6
  1581 | D:3      | Found a glowing drain.
  1604 | D:3      | Found a broken altar of Ashenzari.
  1608 | Sewer    | Entered a sewer
  2455 | Sewer    | Reached XP level 6. HP: 35/50 MP: 8/8
  3017 | D:3      | Found a hazy altar of Hepliaklqana.
  3448 | D:3      | Reached skill level 5 in Fighting
  3448 | D:3      | Reached skill level 5 in Throwing
  3543 | D:3      | Identified the +10 dagger of the Many Leylines {holy, *Slow
                  | rC+++ SInv Stlth-}
  4336 | D:4      | Reached XP level 7. HP: 56/56 MP: 10/10
  4352 | D:4      | Found a staircase to the Ecumenical Temple.
  4595 | Temple   | Entered the Ecumenical Temple
  4676 | Temple   | Became a worshipper of Gozag Ym Sagoz the Greedy
  5657 | D:4      | Noticed Ijyb
  5685 | D:4      | Killed Ijyb
  6106 | D:4      | Found an iron altar of Okawaru.
  6106 | D:4      | Found a bloodstained altar of Trog.
  6154 | D:5      | Entered Level 5 of the Dungeon
  6390 | D:5      | Reached XP level 8. HP: 63/63 MP: 12/12
  7753 | D:5      | Found a runed translucent door.
  9669 | D:6      | Reached XP level 9. HP: 65/69 MP: 14/14
  9842 | D:6      | Found Viannee's Magic Scroll Shop.
  9853 | D:6      | Bought a scroll of fog for 24 gold pieces
  9853 | D:6      | Bought a scroll of fear for 42 gold pieces
 10365 | D:6      | Found a runed translucent door.
 10366 | D:6      | Noticed Crazy Yiuf
 10573 | D:6      | Killed Crazy Yiuf
 11830 | D:7      | Reached skill level 5 in Invocations
 12027 | D:7      | Found a flagged portal.
 12068 | Bailey   | Entered a bailey
 13142 | D:7      | Noticed a hornet
 13149 | D:7      | Paralysed by a hornet for 3 turns
 13401 | D:8      | Noticed a six-headed hydra
 13441 | D:7      | Paralysed by a hornet for 1 turns
 13713 | D:7      | Reached XP level 10. HP: 77/77 MP: 17/17
 14262 | D:7      | Found Eleph's Antique Weapon Shoppe.
 14266 | D:7      | Bought a scorched long sword for 212 gold pieces
 14266 | D:7      | Identified the +6 long sword "Yridary" {elec, rN+ Int-5
                  | Dex+2} (You bought it in a shop on level 7 of the Dungeon)
 14266 | D:7      | Bought a pitted rapier for 225 gold pieces
 14266 | D:7      | Identified the +6 rapier "Vintub" {elec, rCorr Int+2} (You
                  | bought it in a shop on level 7 of the Dungeon)
 14398 | D:7      | Killed a six-headed hydra
 14399 | D:7      | Reached skill level 5 in Short Blades
 14399 | D:7      | Reached skill level 5 in Axes
 14399 | D:7      | Reached skill level 5 in Maces & Flails
 14399 | D:7      | Reached skill level 5 in Polearms
 14399 | D:7      | Reached skill level 5 in Staves
 14399 | D:7      | Reached skill level 5 in Slings
 14399 | D:7      | Reached skill level 5 in Bows
 14399 | D:7      | Reached skill level 5 in Crossbows
 14399 | D:7      | Reached skill level 5 in Armour
 14399 | D:7      | Reached skill level 5 in Stealth
 14399 | D:7      | Reached skill level 5 in Shields
 14399 | D:7      | Reached skill level 5 in Unarmed Combat
 14399 | D:7      | Reached skill level 5 in Spellcasting
 14399 | D:7      | Reached skill level 5 in Evocations
 14524 | D:7      | Found a hide-covered altar of Uskayaw.
 14582 | D:7      | Paralysed by a hornet for 2 turns
 14930 | D:8      | Found a white marble altar of Elyvilon.
 15299 | D:8      | Found a glowing golden altar of the Shining One.
 15346 | D:8      | Noticed Joseph
 15368 | D:8      | Killed Joseph
 15636 | D:8      | Found the +7 staff of the Meek {protect, meekguard}
 15758 | D:8      | Identified the +1 ring mail of Geptanimn {Rampage Str-4
                  | Dex+4 Stlth+}
 16633 | D:8      | Found a basalt altar of Yredelemnul.
 16635 | D:8      | Noticed a profane servitor
 16773 | D:8      | Noticed an angel
 17539 | D:9      | Found a staircase to the Orcish Mines.
 17556 | D:9      | Noticed a two-headed ogre
 17597 | D:9      | Killed a two-headed ogre
 17598 | D:9      | Reached XP level 11. HP: 28/84 MP: 19/19
 18247 | D:8      | Reached skill level 5 in Conjurations
 18247 | D:8      | Reached skill level 5 in Hexes
 18247 | D:8      | Reached skill level 5 in Summonings
 18247 | D:8      | Reached skill level 5 in Necromancy
 18247 | D:8      | Reached skill level 5 in Translocations
 18247 | D:8      | Reached skill level 5 in Transmutations
 18247 | D:8      | Reached skill level 5 in Fire Magic
 18247 | D:8      | Reached skill level 5 in Ice Magic
 18247 | D:8      | Reached skill level 5 in Air Magic
 18247 | D:8      | Reached skill level 5 in Earth Magic
 18247 | D:8      | Reached skill level 5 in Poison Magic
 18424 | D:9      | Found a glowing silver altar of Zin.
 19199 | D:10     | Entered Level 10 of the Dungeon
 19733 | D:10     | Found a runed translucent gate.
 19743 | D:10     | Found a runed translucent gate.
 19743 | D:10     | Found a runed translucent gate.
 19766 | D:10     | Noticed Urug
 19773 | D:10     | Killed Urug
 20726 | D:10     | Found a staircase to the Lair.
 21283 | D:10     | Noticed riojii's ghost (journeyman MiFi)
 21541 | Lair:1   | Entered Level 1 of the Lair of Beasts
 22418 | Lair:1   | Reached XP level 12. HP: 94/94 MP: 22/22
 22898 | Lair:1   | Noticed a six-headed hydra
 22907 | Lair:1   | Killed a six-headed hydra
 24432 | Lair:2   | Noticed Sonja
 24760 | D:11     | Found Giolla's Changing Room.
 25156 | D:11     | Noticed Grum
 25257 | Orc:1    | Entered Level 1 of the Orcish Mines
 25636 | Orc:2    | Entered Level 2 of the Orcish Mines
 25645 | Orc:2    | Noticed an ettin
 25646 | Orc:2    | Noticed an ettin
 25868 | Lair:2   | Reached skill level 10 in Long Blades
 25868 | Lair:2   | Reached skill level 10 in Dodging
 26074 | Lair:2   | Killed Sonja
 26960 | Lair:2   | Found a hole to the Spider Nest.
 27067 | Lair:2   | Noticed a death yak
 27379 | Lair:2   | Noticed a death yak
 27458 | Lair:2   | Noticed a death yak
 27811 | Lair:2   | Noticed an eight-headed hydra
 27833 | Lair:2   | Killed an eight-headed hydra
 27834 | Lair:2   | Reached XP level 13. HP: 20/101 MP: 24/24
 29611 | Lair:3   | Noticed Gastronok
 29614 | Lair:3   | Identified a scroll of acquirement
 29614 | Lair:3   | Acquired a +2 cloak of stealth
 30161 | D:9      | Bought a shiny chain mail for 195 gold pieces
 30564 | Lair:3   | Killed Gastronok
 31728 | Lair:4   | Found a staircase to the Swamp.
 32094 | Lair:4   | Found a transporter.
 32095 | Lair:4   | Found a transporter.
 32285 | Lair:4   | Reached skill level 10 in Fighting
 32285 | Lair:4   | Reached skill level 10 in Throwing
 32293 | Lair:4   | Reached XP level 14. HP: 60/110 MP: 26/26
 34069 | Lair:6   | Entered Level 6 of the Lair of Beasts
 35232 | Orc:2    | Noticed Azrael
 35631 | Orc:2    | Reached skill level 10 in Invocations
 36242 | Orc:2    | Found Zanogos's General Store.
 36369 | Orc:2    | Bought a scroll of teleportation for 45 gold pieces
 36378 | Orc:2    | Killed Azrael
 37033 | Orc:2    | Found a staircase to the Elven Halls.
 37048 | Orc:2    | Found Cifru's Antique Weapon Boutique.
 37062 | Orc:2    | Found Aqaqae Pahoa's Antique Armour Boutique.
 37070 | Orc:2    | Bought the +0 pair of fencer's gloves {Riposte Dex+3} for
                  | 1280 gold pieces
 37070 | Orc:2    | Found the +0 pair of fencer's gloves {Riposte Dex+3}
 37195 | Orc:2    | Noticed a stone giant
 37215 | Orc:2    | Killed a stone giant
 37478 | Orc:2    | Bought a potion of berserk rage for 85 gold pieces
 37478 | Orc:2    | Bought a potion of curing for 51 gold pieces
 37478 | Orc:2    | Bought a potion of heal wounds for 85 gold pieces
 37478 | Orc:2    | Bought a potion of might for 68 gold pieces
 37478 | Orc:2    | Bought a potion of curing for 51 gold pieces
 37739 | Orc:2    | Found Poetuun's Jewellery Boutique.
 39894 | D:13     | Found a gate to the Vaults.
 40065 | D:13     | Identified the +5 broad axe of the Coin {flame, *Noise
                  | rElec Int+3 Dex+5}
 40721 | D:13     | Noticed Erolcha
 40734 | D:13     | Killed Erolcha
 41059 | D:13     | Reached XP level 15. HP: 117/117 MP: 28/28
 41187 | D:13     | Noticed Maurice
 41202 | D:13     | Killed Maurice
 41203 | D:13     | Found a gateway to a bazaar.
 42895 | Lair:5   | Reached skill level 10 in Short Blades
 42895 | Lair:5   | Reached skill level 10 in Axes
 42895 | Lair:5   | Reached skill level 10 in Maces & Flails
 42895 | Lair:5   | Reached skill level 10 in Polearms
 42895 | Lair:5   | Reached skill level 10 in Staves
 42895 | Lair:5   | Reached skill level 10 in Slings
 42895 | Lair:5   | Reached skill level 10 in Bows
 42895 | Lair:5   | Reached skill level 10 in Crossbows
 42895 | Lair:5   | Reached skill level 10 in Armour
 42895 | Lair:5   | Reached skill level 10 in Stealth
 42895 | Lair:5   | Reached skill level 10 in Shields
 42895 | Lair:5   | Reached skill level 10 in Unarmed Combat
 42895 | Lair:5   | Reached skill level 10 in Spellcasting
 42895 | Lair:5   | Reached skill level 10 in Evocations
 44243 | Orc:2    | Bought the ring of Asceticism {rPois rN++ Will+} for 513
                  | gold pieces
 44912 | D:14     | Found a gate leading to a gauntlet.
 44922 | Gauntlet | Entered a Gauntlet
 44922 | Gauntlet | Found a transporter.
 44922 | Gauntlet | Found a transporter.
 44922 | Gauntlet | Found a transporter.
 44996 | Gauntlet | Found a transporter.
 44999 | Gauntlet | Found a transporter.
 45007 | Gauntlet | Found a transporter.
 45010 | Gauntlet | Found a transporter.
 45023 | Gauntlet | Found a transporter.
 45036 | Gauntlet | Found a transporter.
 45053 | Gauntlet | Found a transporter.
 45056 | Gauntlet | Found a transporter.
 45058 | Gauntlet | Found a runed translucent gate.
 45058 | Gauntlet | Found a runed translucent gate.
 45058 | Gauntlet | Found a runed translucent gate.
 45059 | Gauntlet | Found a large runed translucent door.
 45059 | Gauntlet | Found a large runed translucent door.
 45060 | Gauntlet | Found a large runed translucent door.
 45061 | Gauntlet | Found a large runed translucent door.
 45062 | Gauntlet | Found a large runed translucent door.
 45062 | Gauntlet | Found a large runed translucent door.
 45062 | Gauntlet | Found a runed translucent door.
 45062 | Gauntlet | Found a runed translucent door.
 45063 | Gauntlet | Found a large runed translucent door.
 45064 | Gauntlet | Found a large runed translucent door.
 45066 | Gauntlet | Found a transporter.
 45104 | Gauntlet | Found a large runed translucent door.
 45105 | Gauntlet | Found a large runed translucent door.
 45106 | Gauntlet | Found a large runed translucent door.
 45106 | Gauntlet | Found a large runed translucent door.
 45107 | Gauntlet | Found a large runed translucent door.
 45108 | Gauntlet | Found a large runed translucent door.
 45109 | Gauntlet | Found a large runed translucent door.
 45109 | Gauntlet | Found a large runed translucent door.
 46663 | D:11     | Killed Grum
 47898 | Lair:6   | Found a viscous altar of Jiyva.
 47898 | Lair:6   | Found a staircase to the Slime Pits.
 48413 | Lair:6   | Found a runed translucent door.
 48461 | Lair:6   | Paralysed by a hornet for 2 turns
 48466 | Lair:6   | Reached XP level 16. HP: 122/126 MP: 30/30
 48720 | Lair:6   | Paralysed by a hornet for 2 turns
 49598 | D:1      | Bought a manual of Shields for 1120 gold pieces
 49905 | D:15     | Entered Level 15 of the Dungeon
 50598 | D:15     | Identified the +2 war axe "Wizod" {venom, *Rage Int+6}
 51611 | D:15     | Found a staircase to the Depths.
 52293 | Spider:1 | Entered Level 1 of the Spider Nest
 52834 | Elf:1    | Entered Level 1 of the Elven Halls
 53033 | Swamp:1  | Entered Level 1 of the Swamp
 53033 | Swamp:1  | Noticed Frances
 53035 | Swamp:1  | Noticed a thorn hunter
 53059 | Lair:4   | Killed a thorn hunter
 53596 | Swamp:1  | Killed Frances
 53603 | Swamp:1  | Found a transporter.
 54450 | Swamp:1  | Noticed a thorn hunter
 54461 | Swamp:1  | Killed a thorn hunter
 54896 | Swamp:1  | Found a transporter.
 55342 | Swamp:2  | Got the Catalogue of the Destructive Blaze
 55902 | Swamp:2  | Noticed Kirke
 56058 | Swamp:2  | Killed Kirke
 56462 | Swamp:3  | Reached XP level 17. HP: 100/133 MP: 32/32
 58101 | Depths:1 | Entered Level 1 of the Depths
 58784 | Elf:1    | Found Laujaz's Armour Emporium.
 58792 | Elf:1    | Bought the -2 hat of the Alchemist {rElec rPois rF+ rC+ rN+
                  | Will+ rMut rCorr} for 802 gold pieces
 58792 | Elf:1    | Found the -2 hat of the Alchemist {rElec rPois rF+ rC+ rN+
                  | Will+ rMut rCorr}
 60582 | Spider:1 | HP: 1/135 [demonic crawler (8)]
 60582 | Spider:1 | Slain by a spark wasp

Illustrated notes

Levels and vault maps discovered:
D:1:      dpeg_arrival_caged_fury, layout_basic,
          hellmonk_ecumenical_altar_leap_of_faith, serial_shops,
          nicolae_shop_temple_entry_statues_fountains, minmay_lizard_pond
D:2:      layout_basic, serial_shops, shop_fountains, uniq_jessica
D:3:      layout_loops_corners, overflow_temple_1_default, lemuel_doored_altar,
          cheibrodos_sewer_entry_sluice, hangedman_feature_mirror,
          lemuel_old_faithful
D:4:      layout_loops_corners, grunt_temple_overflow_bloody_war,
          temple_doors_e, minmay_misc_feat_iff, grunt_ministairs_14, uniq_ijyb
D:5:      layout_basic, lightli_church_of_beogh
D:6:      layout_basic, serial_shops, nicolae_shop_hallway_plus,
          minmay_pentangle, uniq_crazy_yiuf_cottage
D:7:      layout_loops_corners, old_standard_altar, serial_shops, shop,
          enter_bailey_5, corexii_hall_statues_l
D:8:      layout_loops_corners, grunt_temple_overflow_holy_war,
          elyvilon_altar_3, uniq_joseph
D:9:      layout_long_grid, mainiacjoe_overflow_boulevard, grunt_ministairs_7,
          minivault_26
D:10:     layout_gridville, due_lair_maze_entry_diamond,
          gammafunk_ghost_necromancy, corexii_mini_fake_secret_closet,
          kennysheep_generic_room_2, uniq_urug
D:11:     layout_roguey, nicolae_transmutations_shop, grunt_ministairs_8,
          st_stairs_9, uniq_grum
D:12:     layout_grid_maze
D:13:     layout_roguey, erik_vaults_2, serial_shops, bzr_in_the_mist,
          uniq_erolcha, uniq_maurice
D:14:     layout_stronghold, gauntlet_entry_generic
D:15:     grunt_enter_depths_magical_seal, layout_stronghold,
          minmay_misc_feat_room
Temple:   cyrus_circular_temple
Lair:1:   layout_regular_city, st_stairs_6
Lair:2:   layout_big_grid, nicolae_spider_entry_tight_spaces,
          nicolae_volcano_entry_lava_flow, uniq_sonja
Lair:3:   layout_long_grid, uniq_gastronok
Lair:4:   gammafunk_boulding_lane, layout_hall_layers, palyth_hydra_swamp_entry,
          wad_woods_road_03, hangedman_lair_unloving_vines, minivault_19,
          grunt_forest_large_clearings
Lair:5:   layout_cave_pods
Lair:6:   wormcave, layout_regular_city, dpeg_slime_entry_enclosed_altar,
          infiniplex_staircase_pool
Swamp:1:  layout_falls_marsh, gammafunk_ghost_mausoleum,
          nicolae_swamp_well_well_well, uniq_frances
Swamp:2:  layout_basic_swamp, evilmike_swamp_ruin_house_1, uniq_kirke
Swamp:3:  layout_basic_swamp, nicolae_swamp_little_tower
Spider:1: layout_spider_delve, nicolae_spider_some_kinda_spiderbox
Orc:1:    layout_caves
Orc:2:    grunt_orc_gardens, layout_diamond_mine, grunt_orc_garden,
          grunt_orc_garden, grunt_orc_garden, grunt_orc_garden, mines3_lemuel,
          uniq_azrael
Elf:1:    eino_elf_arrival_customs, layout_loops_cross, serial_shops,
          shop_fountains, nicolae_shop_hallway_stairs, shop, shop,
          nicolae_shop_trees, hangedman_corner_corridor, lemuel_upstairs_altar
Depths:1: layout_small_grid, chequers_serial_rivers_large_b,
          grunt_hell_entry_dis_mu, zin_scriptorium

Skill      XL: |  1  2  3  4  5  6  7  8  9 10 11 12 13 14 15 16 17 |
---------------+----------------------------------------------------+-----
Invocations    | 1 2 3 4 5 6 7 8 9 10 11 12 | 12.6
Short Blades   | 1 2 3 4 5 6 7 8 9 10 11 | 11.6
Axes           | 1 2 3 4 5 6 7 8 9 10 11 | 11.6
Maces & Flails | 1 2 3 4 5 6 7 8 9 10 11 | 11.6
Polearms       | 1 2 3 4 5 6 7 8 9 10 11 | 11.6
Staves         | 1 2 3 4 5 6 7 8 9 10 11 | 11.6
Slings         | 1 2 3 4 5 6 7 8 9 10 11 | 11.6
Bows           | 1 2 3 4 5 6 7 8 9 10 11 | 11.6
Crossbows      | 1 2 3 4 5 6 7 8 9 10 11 | 11.6
Armour         | 1 2 3 4 5 6 7 8 9 10 11 | 11.6
Stealth        | 1 2 3 4 5 6 7 8 9 10 11 | 11.6
Shields        | 1 2 3 4 5 6 7 8 9 10 11 12 | 12.5
Unarmed Combat | 1 2 3 4 5 6 7 8 9 10 11 | 11.6
Spellcasting   | 1 2 3 4 5 6 7 8 9 10 11 | 11.6
Evocations     | 1 2 3 4 5 6 7 8 9 10 11 | 11.6
Conjurations   | 1 2 3 4 5 6 7 8 9 |  9.8
Hexes          | 1 2 3 4 5 6 7 8 9 |  9.8
Summonings     | 1 2 3 4 5 6 7 8 9 |  9.8
Necromancy     | 1 2 3 4 5 6 7 8 9 |  9.8
Translocations | 1 2 3 4 5 6 7 8 9 |  9.8
Transmutations | 1 2 3 4 5 6 7 8 9 |  9.8
Fire Magic     | 1 2 3 4 5 6 7 8 9 |  9.8
Ice Magic      | 1 2 3 4 5 6 7 8 9 |  9.8
Air Magic      | 1 2 3 4 5 6 7 8 9 |  9.8
Earth Magic    | 1 2 3 4 5 6 7 8 9 |  9.8
Poison Magic   | 1 2 3 4 5 6 7 8 9 |  9.8
Fighting       | 5 6 7 8 9 10 11 12 | 12.5
Throwing       | 5 6 7 8 9 10 11 12 | 12.5
Long Blades    | 7 8 9 10 11 12 13 | 13.2
Dodging        | 7 8 9 10 11 12 13 | 13.2

Action                   |  1- 3 |  4- 6 |  7- 9 | 10-12 | 13-15 | 16-18 || total
-------------------------+-------+-------+-------+-------+-------+-------++-------
Melee: Long sword        |    31 |       |       |   532 |   358 |       ||   921
       Bite              |     4 |    20 |    60 |    77 |   248 |   134 ||   543
       Whip              |    51 |   279 |   598 |    37 |       |       ||   965
       Punch             |     2 |     3 |    11 |    26 |    69 |       ||   111
       Demon trident     |       |       |       |    27 |  1023 |   844 ||  1894
       Rapier            |       |       |       |       |     5 |       ||     5
       Dagger            |       |       |       |       |       |    58 ||    58
Throw: Stone             |       |       |    21 |   141 |   158 |       ||   320
       Dart              |       |       |       |    16 |    38 |     3 ||    57
       Javelin           |       |       |       |    16 |    20 |    33 ||    69
       Throwing net      |       |       |       |     1 |     2 |     1 ||     4
Invok: Potion Petition   |       |       |       |     4 |     2 |     1 ||     7
       Call Merchant     |       |       |       |     1 |     1 |       ||     2
Evoke: Wand              |       |       |    10 |    10 |    13 |    17 ||    50
       Lightning rod     |       |       |       |       |       |     4 ||     4
       Phial of floods   |       |       |       |       |       |     1 ||     1
  Use: Scroll            |       |     2 |    13 |     8 |    15 |     5 ||    43
       Potion            |       |       |     5 |     8 |     7 |    12 ||    32
 Stab: Distracted        |       |     2 |     4 |     2 |    11 |     5 ||    24
       Sleeping          |       |     2 |     1 |       |     4 |     3 ||    10
       Invisible         |       |       |       |     2 |       |     6 ||     8
       Petrified         |       |       |       |       |     2 |       ||     2
       Petrifying        |       |       |       |       |     1 |       ||     1
Armor: Leather armour    |    20 |    49 |    17 |       |       |       ||    86
       Scale mail        |       |       |    67 |       |       |       ||    67
       Chain mail        |       |       |    68 |   286 |   340 |       ||   694
       Plate armour      |       |       |       |       |    97 |   386 ||   483
Dodge: Dodged            |    73 |   227 |   448 |   486 |   593 |   288 ||  2115
Block: Other             |       |       |       |    43 |   131 |       ||   174
       Reflection        |       |       |       |     3 |    12 |    17 ||    32
       Tower shield      |       |       |       |       |   488 |  1113 ||  1601
       Rpst.: Demon trident |       |       |       |       |    61 |    42 ||   103
       Dagger            |       |       |       |       |       |     9 ||     9

Table legend: (Time is in decaauts)
 A = Elapsed time spent in this place.
 B = Non-inter-level travel time spent in this place.
 C = Inter-level travel time spent in this place.
 D = Time resting spent in this place.
 E = Time spent auto-exploring this place.
 F = Levels seen in this place.
 G = Mean time per level.
                   A        B        C        D        E       F      G
               +--------+--------+--------+--------+--------+-----+--------+
         Total |  60768 |  54207 |   6561 |  21355 |  21359 |  33 | 1841.5 |
       Dungeon |  31457 |  27248 |   4209 |  10061 |  12066 |  15 | 2097.1 |
        Temple |    139 |    139 |      0 |      0 |    115 |   1 |  139.0 |
          Lair |  15837 |  14107 |   1730 |   5795 |   5245 |   6 | 2639.5 |
         Swamp |   4452 |   4366 |     86 |   1764 |   1499 |   3 | 1484.0 |
   Spider Nest |   1007 |    927 |     80 |    354 |    234 |   1 | 1007.0 |
  Orcish Mines |   4270 |   3865 |    405 |   2104 |    935 |   2 | 2135.0 |
   Elven Halls |    807 |    760 |     47 |    412 |    144 |   1 |  807.0 |
        Depths |    265 |    265 |      0 |    216 |     10 |   1 |  265.0 |
         Sewer |   1382 |   1382 |      0 |    269 |    778 |   1 | 1382.0 |
        Bailey |    143 |    143 |      0 |      6 |     75 |   1 |  143.0 |
      Gauntlet |   1005 |   1005 |      0 |    371 |    258 |   1 | 1005.0 |
               +--------+--------+--------+--------+--------+-----+--------+

Top non-repeatable levels by time:
  Lair:2: 3805 daAuts
     D:9: 3426 daAuts
     D:8: 3051 daAuts
  Lair:1: 3033 daAuts
     D:6: 2840 daAuts
  Lair:4: 2723 daAuts
     D:4: 2657 daAuts
     D:7: 2605 daAuts
    D:10: 2590 daAuts
  Lair:5: 2474 daAuts
     D:5: 2439 daAuts
    D:13: 2353 daAuts
  Lair:6: 2312 daAuts
   Orc:2: 2205 daAuts
    D:12: 2123 daAuts
